 Dungeon Crawl Stone Soup version 0.28-a0-1080-g05a166d0ed (webtiles) character file.

Game seed: 2745635259179897984

126 mcbry74 the Slasher (level 5, -8/45 HPs)
             Began as a Hill Orc Fighter on Dec 9, 2021.
             Was a Believer of Beogh.
             Killed from afar by Natasha (10 damage)
             ... with a magic dart
             ... on level 3 of the Dungeon.
             The game lasted 00:05:55 (2196 turns).

mcbry74 the Slasher (Hill Orc Fighter)              Turns: 2196, Time: 00:05:56

Health: -8/45      AC:  8    Str: 21    XL:     5   Next: 10%
Magic:  5/5        EV:  9    Int:  8    God:    Beogh [**....]
Gold:   71         SH:  4    Dex: 10    Spells: 4/4 levels left

rFire   . . .      SeeInvis .   a - +0 long sword
rCold   . . .      Faith    .   c - +0 buckler
rNeg    . . .      Spirit   .   b - +0 scale mail
rPois   .          Reflect  .   g - +0 helmet
rElec   .          Harm     .   (no cloak)
rCorr   .          Rampage  .   (no gloves)
Will    .....                   (no boots)
Stlth   ..........              (no amulet)
HPRegen 0.15/turn               (no ring)
MPRegen 0.09/turn               (no ring)

@: no status effects
A: no striking features
a: Renounce Religion, Smiting


You were on level 3 of the Dungeon.
You worshipped Beogh.
Beogh was pleased with you.
You visited 1 branch of the dungeon, and saw 3 of its levels.

You collected 71 gold pieces.

Inventory:

Hand Weapons
 a - a +0 long sword (weapon)
 m - a +2 dagger of venom
Missiles
 l - 2 boomerangs (quivered)
 o - a throwing net
 r - 10 poisoned darts
Armour
 b - a +0 scale mail (worn)
 c - a +0 buckler (worn)
 g - a +0 helmet (worn)
Scrolls
 e - 3 scrolls of noise {unknown}
 f - a scroll of fear {unknown}
 i - a scroll of magic mapping {unknown}
 j - a scroll of fog {unknown}
 k - a scroll of amnesia {unknown}
 n - 2 scrolls of identify {unknown}
Potions
 d - a potion of might
 h - a potion of haste {unknown}
 p - a potion of flight {unknown}
 q - a potion of mutation {unknown}


   Skills:
 - Level 3.6 Fighting
 + Level 5.3 Long Blades
 - Level 3.2 Armour
 - Level 1.0 Dodging
 - Level 3.2 Shields
 + Level 0.2 Invocations


You had 4 spell levels left.
You didn't know any spells.
Your spell library contained the following spells:

 Spells                   Type           Power      Damage    Failure   Level
 Magic Dart               Conj           0%         1d3       78%         1
 Call Imp                 Summ           0%         N/A       89%         2
 Mephitic Cloud           Conj/Pois/Air  0%         N/A       98%         3


Dungeon Overview and Level Annotations

Branches:
Dungeon (3/15)

Altars:
The Shining One
Beogh

Annotations:
D:2 1 runed translucent door, Crazy Yiuf
D:3 Natasha


Message History

You now have 71 gold pieces (gained 10).
The orc hits you but does no damage. The orc barely misses you.
Things that are here:
a +0 dagger; 10 poisoned darts; a scroll labelled ATEATY AVIP
r - 10 poisoned darts The orc hits you but does no damage.
Found a stone staircase leading down.
Natasha, Servant of Life and Death comes into view.
Natasha hisses angrily.
Natasha casts a spell at you.
The magic dart hits you but does no damage.
An endoplasm comes into view.
The endoplasm quivers.
You closely miss Natasha. Natasha claws you but does no damage.
The orc barely misses you.
You hit Natasha.
Natasha is lightly wounded.
Natasha claws you. The orc hits you but does no damage.
You hit Natasha but do no damage.
Natasha is lightly wounded.
Natasha claws you. The orc hits you with a +0 dagger. Natasha claws you.
* * * LOW HITPOINT WARNING * * *
You closely miss Natasha.
Natasha is lightly wounded.
The orc completely misses you.
Natasha howls an incantation.
Natasha glows brightly for a moment.
Natasha claws you.
* * * LOW HITPOINT WARNING * * *
You hit Natasha.
Natasha is moderately wounded.
The orc hits you with a +0 dagger.
* * * LOW HITPOINT WARNING * * *
Natasha claws you.
* * * LOW HITPOINT WARNING * * *
Found 9 stones.
Natasha casts a spell at you. The magic dart hits you!
You die...

.. ..### ### # ##.
.......... #> ...
...... ..( ####.##..
..#.. ... ..[.....#
#.#.#..#
#.##..#.#######.#.#..#.
#.##...........o.......
......#.#######J#.#.##
#<#####.# #h@.#
#.......#######.###
##...............
#.##).....######
#.#...........
#.#.......###.
#.#.......# #.........#
# ####........ .#


You could see Natasha, an orc and an endoplasm.

Vanquished Creatures
  A jelly (D:3)
  Jessica (D:3)
  3 adders
  2 dart slugs (D:2)
  4 endoplasms
  A giant cockroach (D:3)
  8 goblins
  4 hobgoblins
  4 kobolds
  A quokka (D:2)
  2 ball pythons (D:1)
  3 bats
  5 frilled lizards
  5 rats
44 creatures vanquished.

Vanquished Creatures (others)
  A plant (D:1)
1 creature vanquished.

Grand Total: 45 creatures vanquished

Notes
Turn   | Place    | Note
-------+----------+-------------------------------------------
     0 | D:1      | mcbry74 the Hill Orc Fighter began the quest for the Orb.
     0 | D:1      | Reached XP level 1. HP: 19/19 MP: 1/1
   113 | D:1      | Reached XP level 2. HP: 17/26 MP: 2/2
   269 | D:1      | Reached skill level 3 in Long Blades
   573 | D:1      | Found a faded altar of an unknown god.
   583 | D:1      | Prayed at the altar of an unknown god.
   583 | D:1      | Became a worshipper of Beogh the Brigand
   583 | D:1      | Reached * piety under Beogh
  1089 | D:2      | Reached XP level 3. HP: 16/31 MP: 3/3
  1099 | D:2      | HP: 2/46 [poisoned by a goblin]
  1419 | D:2      | Found a runed translucent door.
  1420 | D:2      | Noticed Crazy Yiuf
  1526 | D:2      | Reached skill level 4 in Long Blades
  1769 | D:2      | Found a glowing golden altar of the Shining One.
  2015 | D:3      | Reached XP level 4. HP: 39/39 MP: 4/4
  2123 | D:3      | Reached ** piety under Beogh
  2149 | D:3      | Noticed Jessica
  2154 | D:3      | Killed Jessica
  2159 | D:3      | Reached skill level 5 in Long Blades
  2159 | D:3      | Reached skill level 1 in Dodging
  2159 | D:3      | Reached XP level 5. HP: 31/45 MP: 5/5
  2189 | D:3      | Noticed Natasha
  2195 | D:3      | HP: 2/45 [Natasha (5)]
  2196 | D:3      | Killed from afar by Natasha

Illustrated notes

Levels and vault maps discovered:
D:1:      evilmike_arrival_fibonacci_small, layout_basic, serial_forest,
          infiniplex_forest_straight_4, infiniplex_forest_clump_curved,
          infiniplex_forest_end_1, infiniplex_forest_lined_2,
          infiniplex_forest_lined_3, infiniplex_forest_end_3,
          infiniplex_forest_clump_small, infiniplex_forest_straight_1,
          infiniplex_forest_clump_tiny,
          shapermc_ecumenical_altar_mp_urbaneastern,
          minmay_misc_feat_more_columns
D:2:      layout_basic, basic_altar, uniq_crazy_yiuf_cottage
D:3:      layout_basic, kennysheep_generic_room_7, uniq_natasha, uniq_jessica

Skill      XL: |  1  2  3  4 |
---------------+-------------+-----
Long Blades    | 3 4 5 |  5.3
Dodging        | 1 |  1.0
Fighting       | |  3.6
Armour         | |  3.2
Shields        | |  3.2
Invocations    | |  0.2

Action                   |  1- 3 |  4- 6 || total
-------------------------+-------+-------++-------
Melee: Long sword        |   107 |    22 ||   129
  Use: Potion            |     1 |       ||     1
Armor: Scale mail        |    55 |    16 ||    71
Dodge: Dodged            |    50 |    14 ||    64
Block: Buckler           |    25 |     9 ||    34

Table legend: (Time is in decaauts)
 A = Elapsed time spent in this place.
 B = Non-inter-level travel time spent in this place.
 C = Inter-level travel time spent in this place.
 D = Time resting spent in this place.
 E = Time spent auto-exploring this place.
 F = Levels seen in this place.
 G = Mean time per level.
                   A        B        C        D        E       F      G
               +--------+--------+--------+--------+--------+-----+--------+
         Total |   2225 |   2182 |     43 |    610 |   1123 |   3 |  741.7 |
       Dungeon |   2225 |   2182 |     43 |    610 |   1123 |   3 |  741.7 |
               +--------+--------+--------+--------+--------+-----+--------+

Top non-repeatable levels by time:
     D:2: 1039 daAuts
     D:1: 963 daAuts
     D:3: 222 daAuts
